 Dungeon Crawl Stone Soup version 0.23-a0-481-g60b89c1 (webtiles) character file.

921 theanonym the Chopper (level 7, 0/56 HPs)
             Began as a Mummy Warper on Nov 29, 2018.
             Was a Believer of Qazlal.
             Slain by a gnoll sergeant
             ... wielding a +4 antimagic trident
              (9 damage)
             ... on level 5 of the Dungeon.
             The game lasted 00:09:02 (6618 turns).

theanonym the Chopper (Mummy Warper)                Turns: 6618, Time: 00:09:03

Health: 0/56       AC: 12    Str: 23    XL:     7   Next: 84%
Magic:  8/11       EV:  6    Int: 13    God:    Qazlal [**....]
Gold:   31         SH:  2    Dex: 11    Spells: 11/11 levels left

rFire    x . .     SeeInvis .   a - +0 war axe
rCold    + . .     Gourm    .   (no shield)
rNeg     + + +     Faith    .   l - +0 plate armour
rPois    ∞         Spirit   .   (no helmet)
rElec    .         Reflect  .   d - +1 cloak
rCorr    .         Harm     .   (no gloves)
MR       .....                  (no boots)
Stlth    ..........             (no amulet)
HPRegen  0.18/turn              i - +4 ring of strength
MPRegen  0.12/turn              o - +3 ring of strength

@: no status effects
A: no food or potions, fire vulnerability, cold resistance 1, negative energy
resistance 3, torment resistance, unbreathing
a: Upheaval, Renounce Religion


Innate Abilities, Weirdness & Mutations

You do not eat or drink.
Your flesh is vulnerable to fire.
You are immune to poison.
Your flesh is cold resistant. (rC+)
You are immune to negative energy. (rN+++)
You are immune to unholy pain and torment.
You can survive without breathing.


   Skills:
 + Level 5.4 Fighting
 * Level 6.3 Axes
 - Level 0.7 Throwing
 - Level 0.7 Armour
 - Level 1.5 Dodging
 - Level 2.6 Spellcasting
   Level 2.4 Translocations


You had 11 spell levels left.
You didn't know any spells.
Your spell library contained the following spells:

 Spells                   Type           Power        Failure   Level  Hunger
 Blink                    Tloc           N/A          97%         2    N/A
 Magic Dart               Conj           #...         99%         1    N/A
 Shroud of Golubria       Chrm/Tloc      #.........   99%         2    N/A
 Gell's Gravitas          Tloc           #.........   99%         3    N/A
 Lesser Beckoning         Tloc           #.........   99%         3    N/A
 Teleport Other           Tloc           #.......     99%         3    N/A
 Call Imp                 Summ           #.......     100%        2    N/A
 Slow                     Hex            #.......     100%        2    N/A
 Conjure Flame            Conj/Fire      #.......     100%        3    N/A
 Mephitic Cloud           Conj/Pois/Air  #.......     100%        3    N/A
 Passage of Golubria      Tloc           N/A          100%        4    N/A

Skill      XL: |  1  2  3  4  5  6  7 |
---------------+----------------------+-----
Axes           | 2 3 4 5 6 |  6.3
Fighting       | 3 4 5 |  5.4
Throwing       | |  0.7
Armour         | |  0.7
Dodging        | |  1.5
Spellcasting   | |  2.6
Translocations | |  2.4

Action                   |  1- 3 |  4- 6 |  7- 9 || total
-------------------------+-------+-------+-------++-------
Melee: Hand axe          |   160 |   250 |    60 ||   470
       War axe           |       |       |    36 ||    36
Throw: Tomahawk          |     3 |       |       ||     3
Evoke: Wand              |       |     9 |     1 ||    10
  Use: Scroll            |       |     9 |       ||     9
Armor: Leather armour    |    77 |       |       ||    77
       Plate armour      |     2 |   204 |    69 ||   275
Dodge: Dodged            |   135 |    85 |    36 ||   256
Block: Other             |       |     6 |     9 ||    15

Inventory:

Hand Weapons
 a - a +0 war axe (weapon)
   (You took it off an orc warrior on level 5 of the Dungeon)
 s - a +0 hand axe
Missiles
 e - 2 tomahawks of dispersal (quivered)
 q - a throwing net
Armour
 c - a +0 cloak
   (You took it off Crazy Yiuf on level 2 of the Dungeon)
 d - a +1 cloak (worn)
   (You found it on level 4 of the Dungeon)
 l - a +0 plate armour (worn)
   (You found it on level 2 of the Dungeon)
Magical Staves
 v - an uncursed staff of death {unknown}
   (You found it on level 5 of the Dungeon)
Jewellery
 b - an uncursed ring of protection from cold
   (You found it on level 4 of the Dungeon)
 i - a +4 ring of strength (left hand)
   (You bought it in a shop on level 5 of the Dungeon)
 o - a +3 ring of strength (right hand)
   (You found it on level 4 of the Dungeon)
Wands
 f - a wand of random effects (31)
   (You found it on level 5 of the Dungeon)
Scrolls
 g - a scroll of enchant weapon
 h - a scroll of immolation
 j - a scroll of amnesia
 k - a scroll of brand weapon {unknown}
 m - a scroll of random uselessness {unknown}
 n - 3 scrolls of remove curse
 p - a scroll of noise {unknown}
 r - 2 scrolls of fog {unknown}
 t - a scroll of teleportation {!r}
 u - a scroll of silence {unknown}


You were on level 5 of the Dungeon.
You worshipped Qazlal.
Qazlal was pleased with you.
You were not hungry.

You visited 1 branch of the dungeon, and saw 5 of its levels.

You collected 155 gold pieces.
You spent 124 gold pieces at shops.

Dungeon Overview and Level Annotations

Branches:
Dungeon (5/15)             Temple (0/1) D:5

Altars:
Qazlal
Zin
The Shining One

Shops:
D:3 *   D:5 ***?

Annotations:
D:2 exclusion: door

*,,*,**,**######.#####..##.......
,,,,,,,,,.........# #..##.......
,,,,,,,,,.......#.# #..##.......
**,,,,,,,,....##..## #..##.......
*,*,,,,,,,,..#.#...###...........
,*,**,,,,,.##.#............##.###
,,**,*,,,,#.##...O.....Po.....#
,,*,*,****.#.#..g..#.#.P∩..#.##
,,,*,**,,*#.#...@gg#....P..#.####
,,,,**,,,,##...g.................
,,,,,,,,,..........##...##.>..#.#
,,,,,,,,,..........##...##.#.##..
,,,,**,,,.##.................##..
,,,*,**,,*#.#......##.####.#..#.#
,,*,*,**##.#.#........# #.##.#..
,,**,*,,..#.##.....#### #.#..###
,*,**,,,...##.#...## #....#..


You could see an ogre, a gnoll sergeant and 3 gnolls.

Notes
Turn   | Place    | Note
-------+----------+-------------------------------------------
     0 | D:1      | theanonym the Mummy Warper began the quest for the Orb.
     0 | D:1      | Reached XP level 1. HP: 16/16 MP: 4/4
   123 | D:1      | Reached skill level 2 in Axes
   123 | D:1      | Reached XP level 2. HP: 21/22 MP: 5/5
   737 | D:2      | Reached XP level 3. HP: 20/28 MP: 7/7
   741 | D:2      | HP: 14/28 [ball python (1)]
   761 | D:2      | HP: 14/28 [hobgoblin/+0 club (1)]
   780 | D:1      | HP: 6/28 [leopard gecko (2)]
   784 | D:1      | HP: 2/28 [leopard gecko (2)]
  1081 | D:2      | HP: 14/28 [giant cockroach (1)]
  1086 | D:2      | HP: 7/28 [kobold (4)]
  1418 | D:2      | Found a stormy altar of Qazlal.
  1454 | D:2      | Became a worshipper of Qazlal Stormbringer
  1719 | D:2      | Reached skill level 3 in Axes
  1782 | D:2      | HP: 10/28 [kobold/+0 short sword (5)]
  2038 | D:2      | Reached XP level 4. HP: 34/34 MP: 8/8
  2063 | D:2      | Found a runed door.
  2490 | D:3      | Reached skill level 3 in Fighting
  2588 | D:3      | Noticed a bullfrog
  2597 | D:3      | HP: 17/35 [bullfrog (4)]
  2598 | D:3      | Killed a bullfrog
  2598 | D:3      | Reached XP level 5. HP: 15/41 MP: 9/9
  2917 | D:2      | Noticed Crazy Yiuf
  2921 | D:2      | Killed Crazy Yiuf
  3024 | D:3      | Found Zin's Purification Station.
  3024 | D:3      | Found a glowing silver altar of Zin.
  3158 | D:3      | Noticed Terence
  3205 | D:3      | Killed Terence
  3205 | D:3      | Reached skill level 4 in Axes
  3319 | D:3      | Reached * piety under Qazlal
  3808 | D:4      | Found a glowing golden altar of the Shining One.
  4046 | D:4      | Reached XP level 6. HP: 41/48 MP: 10/10
  4385 | D:5      | Entered Level 5 of the Dungeon
  4385 | D:5      | Found a staircase to the Ecumenical Temple.
  4393 | D:5      | Found Tosereysh's General Store.
  4428 | D:5      | Reached skill level 4 in Fighting
  4439 | D:5      | HP: 22/48 [hound skeleton (3)]
  4440 | D:5      | Noticed a sky beast
  4444 | D:5      | HP: 16/48 [worker ant (2)]
  4455 | D:5      | HP: 9/48 [worker ant (1)]
  4481 | D:5      | Found Esuan's Magic Scroll Boutique.
  4504 | D:5      | Killed a sky beast
  4504 | D:5      | Reached skill level 5 in Axes
  4545 | D:5      | HP: 17/49 [worker ant zombie (2)]
  4808 | D:5      | HP: 21/49 [gnoll sergeant/+4 antimagic trident (5)]
  4813 | D:4      | HP: 13/49 [gnoll (3)]
  5068 | D:5      | HP: 22/49 [gnoll sergeant/+4 antimagic trident (9)]
  5322 | D:5      | HP: 23/49 [worm (8)]
  5328 | D:5      | HP: 18/49 [iguana (6)]
  5333 | D:5      | HP: 15/49 [iguana (3)]
  5334 | D:5      | Reached XP level 7. HP: 17/55 MP: 11/11
  5657 | D:5      | Found Unaduud's Assorted Antiques.
  5664 | D:5      | Bought a ring of strength for 58 gold pieces
  5731 | D:5      | Found Cayhyum's Assorted Antiques.
  5758 | D:5      | Bought a scroll labeled PUVYGG KYHEHAWYSE for 22 gold
                  | pieces
  5758 | D:5      | Bought a scroll labeled YWEANA UL APPI for 22 gold pieces
  5758 | D:5      | Bought a scroll labeled MOES ILOET for 22 gold pieces
  5824 | D:5      | HP: 26/55 [gnoll sergeant/+4 antimagic trident (9)]
  6018 | D:5      | Reached skill level 5 in Fighting
  6023 | D:5      | HP: 25/56 [orc warrior/+0 war axe (6)]
  6027 | D:5      | HP: 9/56 [orc warrior/+0 war axe (17)]
  6033 | D:5      | Reached skill level 6 in Axes
  6033 | D:5      | HP: 7/56 [shot self (3)]
  6238 | D:5      | HP: 25/56 [gnoll/+0 spear (4)]
  6243 | D:4      | HP: 20/56 [gnoll (6)]
  6602 | D:5      | Reached ** piety under Qazlal
  6617 | D:5      | HP: 27/56 [gnoll/cursed +0 halberd (4)]
  6617 | D:5      | HP: 9/56 [ogre/+0 giant spiked club (18)]
  6618 | D:5      | Slain by a gnoll sergeant

Vanquished Creatures
  A water moccasin (D:5)
  An orc warrior (D:5)
  A sky beast (D:5)
  A bullfrog (D:3)
  A scorpion (D:5)
  A crimson imp (D:5)
  2 hounds (D:5)
  Crazy Yiuf (D:2)
  A gnoll shaman (D:5)
  An iguana (D:5)
  Terence (D:3)
  2 worker ants (D:5)
  A hound skeleton (D:5)
  A worker ant zombie (D:5)
  7 adders
  10 gnolls
  2 oozes
  3 worms
  7 leopard geckos
  2 ball pythons
  7 bats
  7 giant cockroaches
  9 goblins
  9 hobgoblins
  2 quokkas (D:2)
  3 frilled lizards
  10 kobolds
  8 rats
102 creatures vanquished.

Table legend:
 A = Turns spent in this place as a percentage of turns spent in the entire game.
 B = Non-inter-level travel turns spent in this place as a percentage of non-inter-level travel turns spent in the entire game.
 C = Inter-level travel turns spent in this place as a percentage of turns spent in this place.
 D = Turns resting spent in this place as a percentage of non-inter-level travel turns spent in this place.
 E = Turns spent auto-exploring this place as a percentage of non-inter-level travel turns spent in this place.
 F = Non-inter-level travel turns spent in this place divided by the number of levels of this place that you've seen.
                   A       B       C       D       E      F
               +-------+-------+-------+-------+-------+----------------------
         Total | 100.0 | 100.0 |   5.5 |  45.1 |  38.1 | 1251.2
       Dungeon | 100.0 | 100.0 |   5.5 |  45.1 |  38.1 | 1251.2
               +-------+-------+-------+-------+-------+----------------------
